 Dungeon Crawl Stone Soup version 0.25-a0-661-g55ea3d2053 (webtiles) character file.

Game seed: 2175526922846000681, levelgen mode: deterministic

147 Mehrunes the Magician (level 5, -5/28 HPs)
             Began as a Deep Elf Wizard on Mar 23, 2020.
             Splashed by Ijyb's acid (7 damage)
             ... on level 4 of the Dungeon.
             The game lasted 00:12:36 (3990 turns).

Mehrunes the Magician (Deep Elf Wizard)             Turns: 3990, Time: 00:12:36

Health: -5/28      AC:  1    Str:  4    XL:     5   Next: 7%
Magic:  7/14       EV: 13    Int: 24    God:
Gold:   149        SH:  0    Dex: 13    Spells: 3/14 levels left

rFire    . . .     SeeInvis .   t - +1 dagger (venom)
rCold    . . .     Gourm    .   (no shield)
rNeg     . . .     Faith    .   a - +0 robe
rPois    .         Spirit   .   b - +0 hat
rElec    .         Reflect  .   p - +0 cloak
rCorr    +         Harm     .   B - +0 pair of gloves
MR       .....                  c - +0 pair of boots
Stlth    ++........             (no amulet)
HPRegen  0.09/turn              y - ring of resist corrosion
MPRegen  0.14/turn              A - +1 ring of slaying

@: corroded, very slightly contaminated, hasted, very quick
A: no striking features
a: no special abilities


You were on level 4 of the Dungeon.
You were not hungry.

You visited 1 branch of the dungeon, and saw 4 of its levels.

You collected 149 gold pieces.

Inventory:

Hand Weapons
 f - a +0 dagger
 r - a +0 spear
 s - a +2 short sword of flaming
 t - a +1 dagger of venom (weapon)
Armour
 a - a +0 robe (worn)
 b - a +0 hat (worn)
 c - a +0 pair of boots (worn)
 n - a +1 ring mail of magic resistance
 p - a +0 cloak (worn)
 B - a +0 pair of gloves (worn)
Jewellery
 y - a ring of resist corrosion (left hand)
 A - a +1 ring of slaying (right hand)
Wands
 q - a wand of enslavement (10)
Scrolls
 e - 2 scrolls of immolation {unknown}
 h - a scroll of remove curse {unknown}
 i - 2 scrolls of enchant armour {unknown}
 l - 2 scrolls of enchant weapon {unknown}
 v - a scroll of fog {unknown}
Potions
 g - a potion of magic
 j - a potion of berserk rage {unknown}
 k - 2 potions of ambrosia
 u - a potion of degeneration {unknown}
 w - a potion of invisibility {unknown}
 x - a potion of stabbing {unknown}
 C - 2 potions of brilliance
Comestibles
 d - 7 rations
 z - a chunk of flesh


   Skills:
 - Level 2.4 Dodging
 - Level 2.4 Stealth
 + Level 5.4 Spellcasting
 * Level 3.1 Conjurations
 - Level 1.6 Summonings
 - Level 1.1 Translocations
 * Level 1.7 Air Magic
 * Level 2.0 Poison Magic


You had 3 spell levels left.
You knew the following spells:

 Your Spells              Type           Power        Failure   Level  Hunger
a - Magic Dart            Conj           ###.         2%          1    None
b - Call Imp              Summ           ##......     6%          2    None
c - Blink                 Tloc           N/A          9%          2    None
d - Mephitic Cloud        Conj/Pois/Air  ###.....     10%         3    #......
e - Conjure Flame         Conj/Fire      ##......     13%         3    #......

Your spell library contained the following spells:

 Spells                   Type           Power        Failure   Level  Hunger
 Slow                     Hex            #.......     13%         2    None


Dungeon Overview and Level Annotations

Branches:
Dungeon (4/15)
 Temple: D:4-7

Altars:
Makhleb

Annotations:
D:4 Ijyb


Message History

Ijyb zaps a wand.
The bolt of acid hits your crimson imp!!
Your crimson imp is splashed with acid.
The acid corrodes your crimson imp!
Your crimson imp dies!
The bolt of acid misses you.
Casting: Call Imp (safe; 6% risk of failure)
Confirm with . or Enter, or press ? or * to list all spells.
A metallic apparition takes form in the air.
Ijyb zaps a wand.
The bolt of acid hits you! You resist.
You are splashed with acid.
You resist.
Your crimson imp blinks!
Your iron imp completely misses the scorpion.
You feel yourself speed up.
Ijyb zaps a wand.
The bolt of acid hits your iron imp!
Your iron imp is splashed with acid.
The acid corrodes your iron imp!
Your iron imp dies!
The bolt of acid hits you! You resist.
* * * LOW HITPOINT WARNING * * *
The acid corrodes you!
You are splashed with acid!
You resist.
You die...

..........# ###.......
..........## ##.........
...........# #..........
........?..## ##..##......
.......ยง....# #...##......
......$!....####...###.....
.....$.............# #.....
......g..s.........####....
..........@..........###...
...5.....5....####.........
..............# #....###..
...............# ##..## ##.
..!............# #.## #.
..............# ##.# ##
.............# #..# #
............# #..# ##.#


You could see Ijyb, a scorpion and 2 friendly crimson imps.

Vanquished Creatures
  A jelly (D:4)
  2 adders
  A dart slug (D:2)
  2 leopard geckos (D:2)
  3 orcs (D:3)
  9 giant cockroaches
  4 goblins
  7 hobgoblins
  7 jackals
  10 kobolds
  3 bats
  2 frilled lizards
  7 rats
58 creatures vanquished.

Vanquished Creatures (collateral kills)
  3 adders
  An ooze (D:1)
  2 worms
  2 dart slugs (D:1)
  8 orcs (D:3)
  A bat (D:2)
  A goblin (D:3)
  2 hobgoblins (D:3)
  5 jackals (D:3)
25 creatures vanquished.

Grand Total: 83 creatures vanquished

Notes
Turn   | Place    | Note
-------+----------+-------------------------------------------
     0 | D:1      | Mehrunes the Deep Elf Wizard began the quest for the Orb.
     0 | D:1      | Reached XP level 1. HP: 10/10 MP: 7/7
   210 | D:1      | Reached XP level 2. HP: 15/15 MP: 2/9
   271 | D:1      | Learned a level 2 spell: Call Imp
   274 | D:1      | Learned a level 2 spell: Blink
   789 | D:1      | Reached skill level 5 in Spellcasting
  1307 | D:2      | Reached XP level 3. HP: 19/19 MP: 5/11
  1475 | D:2      | Learned a level 3 spell: Mephitic Cloud
  1479 | D:2      | Learned a level 3 spell: Conjure Flame
  2085 | D:2      | Found a burning altar of Makhleb.
  2214 | D:2      | Reached skill level 1 in Air Magic
  2214 | D:2      | Reached XP level 4. HP: 22/24 MP: 9/13
  2248 | D:2      | Reached skill level 1 in Poison Magic
  3186 | D:3      | Noticed a water moccasin
  3916 | D:4      | Reached XP level 5. HP: 28/28 MP: 5/14
  3981 | D:4      | Noticed Ijyb
  3990 | D:4      | Splashed by Ijyb's acid

Levels and vault maps discovered:
D:1:      dpeg_arrival_tiny_k, layout_basic
D:2:      layout_loops_ring, nicolae_overflow_crystal_walls, first_ration
D:3:      layout_loops_ring, kennysheep_generic_room_4
D:4:      layout_layer_cave, tso_altar, uniq_grinder, uniq_ijyb, uniq_pikel

Skill      XL: |  1  2  3  4 |
---------------+-------------+-----
Conjurations   | 2 3 |  3.1
Spellcasting   | 5 |  5.4
Air Magic      | 1 |  1.7
Poison Magic   | 2 |  2.0
Dodging        | |  2.4
Stealth        | |  2.4
Summonings     | |  1.6
Translocations | |  1.1

Action                   |  1- 3 |  4- 6 || total
-------------------------+-------+-------++-------
Melee: Dagger            |    22 |    24 ||    46
       Spear             |       |    13 ||    13
 Cast: Magic Dart        |    88 |    34 ||   122
       Call Imp          |    11 |    35 ||    46
  Use: Scroll            |       |     4 ||     4
       Potion            |       |     1 ||     1
  Eat: Chunk             |     1 |     5 ||     6
       Ration            |     1 |       ||     1
Armor: Robe              |    14 |    11 ||    25
Dodge: Dodged            |    35 |    29 ||    64

Table legend:
 A = Non-vault XP
 B = Vault XP
 C = Vault XP percentage of total XP
 D = Non-vault monster count
 E = Vault monster count
 F = Vault count percentage of total count
                 A         B        C        D         E       F
            +---------+---------+-------+---------+---------+-------
      Total |     210 |       0 |   0.0 |      83 |       0 |   0.0
            +---------+---------+-------+---------+---------+-------
        D:1 |      36 |       0 |   0.0 |      20 |       0 |   0.0
        D:2 |      73 |       0 |   0.0 |      28 |       0 |   0.0
        D:3 |      73 |       0 |   0.0 |      32 |       0 |   0.0
        D:4 |      28 |       0 |   0.0 |       3 |       0 |   0.0
            +---------+---------+-------+---------+---------+-------
